[Event "Titled Tuesday Blitz November 29 Early 2022"]
[White "Kuznetsova, Olga"]
[Black "Weetik, Vjacheslav"]
[WhiteFideId "4191323"]
[BlackFideId "4153472"]
[WhiteElo "2134"]
[BlackElo "2469"]
[Result "0-1"]
[Round "07"]
[TimeControl "180+1"]
[Date "2022.11.30"]
[WhiteClock "0:00:12"]
[BlackClock "0:00:03"]

1. d4 d5 2. Bf4 c5 3. e3 Nc6 4. c3 Qb6 5. Qb3 c4 6. Qc2 e5 7. Bxe5 Bf5 8. Qc1 Nxe5 9. dxe5 f6 10. exf6 Nxf6 11. Nf3 Bd6 12. h3 O-O 13. Be2 Rae8 14. Nd4 Bd7 15. Nd2 Bb8 16. Qc2 a6 17. O-O-O Qa5 18. Kb1 Rc8 19. Bf3 Ba4 20. Qc1 Bxd1 21. Rxd1 Be5 22. Re1 Bxd4 23. exd4 Rfe8 24. Re5 Qd8 25. Qe1 Kf8 26. Bd1 Nd7 27. Re6 Qb6 28. Re3 Nf6 29. Re5 Rxe5 30. dxe5 Re8 31. f4 d4 32. Qf2 Nd5 33. Nxc4 Nxc3+ 34. Kc2 Nxd1 35. Kxd1 Qc5 36. b3 Qd5 37. Nd6 Re7 38. Kd2 Rc7 39. Qf3 Qc5 40. Nc4 b5 41. Qa8+ Rc8 42. Qe4 bxc4 43. Qxh7 cxb3 44. Qf5+ Ke7 45. Qg5+ Ke6 46. Qg6+ Kd5 47. Qxg7 Qc2+ 48. Ke1 Qb1+ 49. Kf2 Qc2+ 50. Kg3 bxa2 51. Qd7+ Ke4 52. Qxc8 Qxc8 0-1


[Site "https://www.chess.com"]

[Event "Titled Tuesday Blitz November 29 Early 2022"]
[White "Kvaloy, Aksel Bu"]
[Black "Fawzy, Adham"]
[WhiteFideId "1528815"]
[BlackFideId "10613129"]
[WhiteElo "2184"]
[BlackElo "2541"]
[Result "1-0"]
[Round "07"]
[TimeControl "180+1"]
[Date "2022.11.30"]
[WhiteClock "0:00:06"]
[BlackClock "0:00:05"]

1. d4 Nf6 2. c4 g6 3. Nc3 Bg7 4. e4 d6 5. Nf3 O-O 6. Be2 e5 7. dxe5 dxe5 8. Qxd8 Rxd8 9. Bg5 Re8 10. O-O-O Na6 11. Nxe5 Nc5 12. Nf3 Nfxe4 13. Nxe4 Nxe4 14. Be3 Nxf2 15. Bxf2 Bh6+ 16. Kb1 Rxe2 17. Rd8+ Kg7 18. Bd4+ f6 19. g4 Bf5+ 20. gxf5 Rxd8 21. Bc3 Rf2 22. Nd4 Kf7 23. Ne6 Rd3 24. Nxc7 Bd2 25. fxg6+ hxg6 26. Rd1 Bxc3 27. Rxd3 Rxb2+ 28. Kc1 Be5 29. Rd7+ Kg8 30. Ne6 Rxa2 31. Rg7+ Kh8 32. Rxg6 Rxh2 33. Rg7 Rh1+ 34. Kc2 Rh2+ 35. Kd3 Rb2 36. Ke4 Rb6 37. Re7 Rc6 38. c5 Kg8 39. Kf5 b6 40. Kg6 Rc8 41. c6 Bd6 42. Rd7 Bc5 43. c7 1-0


[Site "https://www.chess.com"]

[Event "Titled Tuesday Blitz November 29 Early 2022"]
[White "Larina, Maria"]
[Black "Dehtiarov, Roman"]
[WhiteFideId "24113182"]
[BlackFideId "14186640"]
[WhiteElo "1848"]
[BlackElo "2200"]
[Result "1-0"]
[Round "07"]
[TimeControl "180+1"]
[Date "2022.11.30"]
[WhiteClock "0:00:28"]
[BlackClock "0:00:05"]

1. e4 e5 2. Nf3 Nc6 3. Nc3 Nf6 4. Bb5 a6 5. Bxc6 dxc6 6. Nxe5 Bc5 7. O-O O-O 8. d3 Re8 9. Nf3 Bg4 10. Be3 Bd6 11. h3 Bh5 12. Bg5 h6 13. Bh4 Qe7 14. Qe2 Qe6 15. Qe3 g5 16. Nxg5 hxg5 17. Qxg5+ Bg6 18. Qxf6 Qd7 19. f4 Bc5+ 20. Bf2 Be7 21. Qd4 Qc8 22. f5 Bh7 23. f6 Bf8 24. e5 Qe6 25. Rae1 Rad8 26. Qh4 Bg6 27. d4 b6 28. Ne4 c5 29. c3 cxd4 30. cxd4 c5 31. Ng5 Qxa2 32. dxc5 Bxc5 33. Bxc5 bxc5 34. Qh6 1-0


[Site "https://www.chess.com"]

[Event "Titled Tuesday Blitz November 29 Early 2022"]
[White "Lehtosaari, Mauri"]
[Black "Gjestemoen-VonHirsch, Andre"]
[WhiteFideId "501999"]
[BlackFideId "1539531"]
[WhiteElo "2494"]
[BlackElo "2198"]
[Result "1/2-1/2"]
[Round "07"]
[TimeControl "180+1"]
[Date "2022.11.30"]
[WhiteClock "0:00:12"]
[BlackClock "0:00:10"]

1. d4 g6 2. Nf3 Bg7 3. Bg5 c5 4. c3 Qb6 5. Qb3 Nc6 6. dxc5 Qxc5 7. Be3 Qa5 8. Nbd2 Nf6 9. h3 d6 10. Ng5 O-O 11. Nc4 Qc7 12. g4 h6 13. Nf3 Be6 14. Qa4 Nd5 15. Bg2 b5 16. Qxb5 Rfb8 17. Qa4 Nxe3 18. Nxe3 Rxb2 19. O-O Rab8 20. Nd4 Nxd4 21. cxd4 R2b4 22. Qc2 Qxc2 23. Nxc2 Rb2 24. Rac1 Rxa2 25. d5 Bd7 26. Ne3 Bb5 27. Bf3 a5 28. Rc7 Bf6 29. Rb1 a4 30. Ra7 Rb2 31. Rc1 Bxe2 32. Bxe2 Rxe2 33. Rxa4 Rbb2 34. Rf1 Bh4 35. Rf4 Bg5 36. Re4 Rbd2 37. f4 Bf6 38. Rf3 Bd4 39. Kf1 Bxe3 40. Rfxe3 Rxe3 41. Rxe3 Kf8 42. Ra3 Rxd5 43. Kf2 Kg7 44. Ke3 Kf6 45. Ke4 Rb5 46. Kf3 Rb1 47. Ra7 e6 48. Ra6 d5 49. Ra3 Rb7 50. h4 Rc7 51. Re3 d4 52. g5+ hxg5 53. hxg5+ Ke7 54. Re1 Kd6 55. Ke4 Rc4 56. Rd1 d3+ 57. Ke3 Rc3 58. Kd4 Ra3 59. Ke4 Ke7 60. Ke3 Kd6 61. Kd4 Ra4+ 62. Ke3 Kc5 63. Rxd3 Ra7 64. Rc3+ Kd5 65. Rd3+ Kc4 66. Rd1 Ra3+ 67. Ke4 Ra7 68. Rc1+ Kb5 69. Rb1+ Kc6 70. Ke5 Ra5+ 71. Ke4 Rf5 72. Rc1+ Kd6 73. Ra1 Ke7 74. Ra7+ Kf8 75. Ra8+ Kg7 76. Ra7 Rd5 77. Ra4 Kf8 78. Ra8+ Ke7 79. Ra7+ Rd7 80. Ra4 Rb7 81. Rc4 f6 82. gxf6+ Kxf6 83. Ra4 Rb5 84. Rc4 Rb1 85. Ra4 Re1+ 86. Kf3 Rf1+ 87. Ke4 Re1+ 88. Kf3 g5 89. fxg5+ Kxg5 90. Kf2 Re5 91. Kf3 Kf5 92. Rf4+ Kg6 93. Re4 Kf5 94. Rxe5+ Kxe5 95. Ke3 Kd5 96. Kd3 e5 97. Ke3 e4 98. Ke2 Ke5 99. Ke3 Kf5 100. Ke2 Kf4 101. Kf2 e3+ 102. Ke2 Ke4 103. Ke1 Kf4 104. Ke2 Ke4 105. Ke1 Kd3 106. Kd1 Kc4 107. Ke2 Kd4 108. Ke1 Kc3 109. Ke2 Kd4 110. Ke1 Ke4 111. Ke2 1/2-1/2


[Site "https://www.chess.com"]

[Event "Titled Tuesday Blitz November 29 Early 2022"]
[White "Lenderman, Aleksandr"]
[Black "Maksimovic, Bojan"]
[WhiteFideId "2021285"]
[BlackFideId "14408120"]
[WhiteElo "2932"]
[BlackElo "2774"]
[Result "1-0"]
[Round "07"]
[TimeControl "180+1"]
[Date "2022.11.30"]
[WhiteClock "0:01:21"]
[BlackClock "0:00:10"]

1. d4 Nf6 2. c4 g6 3. g3 Bg7 4. Bg2 d6 5. Nc3 c6 6. Nf3 Bf5 7. Nh4 Bd7 8. O-O e5 9. dxe5 dxe5 10. Nf3 Qe7 11. Ng5 Na6 12. Nge4 Nxe4 13. Nxe4 O-O 14. Qd6 Qxd6 15. Nxd6 Rab8 16. Be3 b6 17. Rfd1 Rfd8 18. Rd2 Be6 19. Bxc6 Bf8 20. Rad1 Rxd6 21. Rxd6 Bxd6 22. Rxd6 Bxc4 23. Bd5 Bxd5 24. Rxd5 Nb4 25. Rd7 Nxa2 26. Rxa7 Nb4 27. Bh6 Nd5 28. Rd7 Nf6 29. Re7 Ng4 30. Bd2 Kf8 31. Bb4 Kg8 32. h3 Nf6 33. Rxe5 Nd7 34. Rd5 Nc5 35. f3 Rc8 36. Bc3 Na4 37. Bf6 Nc5 38. Kf2 Ne6 39. b4 Kf8 40. f4 Ke8 41. Kf3 Rc3+ 42. Bxc3 1-0


[Site "https://www.chess.com"]

[Event "Titled Tuesday Blitz November 29 Early 2022"]
[White "Levitan, Caleb Levi"]
[Black "Sovetbekova, Nurai"]
[WhiteFideId "14332620"]
[BlackFideId "13801910"]
[WhiteElo "1963"]
[BlackElo "1925"]
[Result "0-1"]
[Round "07"]
[TimeControl "180+1"]
[Date "2022.11.30"]
[WhiteClock "0:00:01"]
[BlackClock "0:00:09"]

1. e4 c5 2. Nf3 d6 3. d4 cxd4 4. Nxd4 Nf6 5. Nc3 a6 6. Bc4 e6 7. Bb3 b5 8. f3 Nbd7 9. Be3 Nc5 10. Qd2 Bb7 11. O-O-O Be7 12. g4 Qc7 13. h4 O-O-O 14. h5 d5 15. e5 Nfd7 16. f4 Ne4 17. Nxe4 dxe4 18. Kb1 Nc5 19. Qf2 Rd7 20. Rd2 Rhd8 21. Rhd1 g6 22. hxg6 hxg6 23. Qg3 Rh8 24. f5 Bh4 25. Qf4 gxf5 26. gxf5 exf5 27. Nxf5 Bd8 28. Rxd7 Nxd7 29. Ba7 Qxe5 30. Nd6+ Kc7 31. Qxe5 Nxe5 32. Nxf7 Nxf7 33. Bxf7 Rf8 34. Bg6 Be7 35. Be3 Bd6 36. Bh5 Rh8 0-1


[Site "https://www.chess.com"]

[Event "Titled Tuesday Blitz November 29 Early 2022"]
[White "Liu, Xiangyi"]
[Black "Mitrovic, Darko R"]
[WhiteFideId "8605718"]
[BlackFideId "927023"]
[WhiteElo "2323"]
[BlackElo "2150"]
[Result "1-0"]
[Round "07"]
[TimeControl "180+1"]
[Date "2022.11.30"]
[WhiteClock "0:00:42"]
[BlackClock "0:00:01"]

1. e4 e6 2. Nf3 d5 3. e5 c5 4. g3 Nc6 5. Bg2 Qc7 6. Qe2 f6 7. exf6 Nxf6 8. O-O Bd6 9. d3 O-O 10. c4 Bd7 11. Nc3 Rae8 12. Bg5 Nd4 13. Qd1 Nxf3+ 14. Bxf3 Bc6 15. Bxf6 Rxf6 16. cxd5 exd5 17. Bxd5+ Kh8 18. Bxc6 Qxc6 19. Ne4 Rfe6 20. Qh5 h6 21. Rac1 b6 22. Rc4 Qd7 23. Ng5 R6e7 24. Re4 Rxe4 25. dxe4 Kg8 26. Rd1 hxg5 27. Rxd6 Qxd6 28. Qxe8+ Kh7 29. Qh5+ Qh6 30. Qxh6+ Kxh6 31. f4 gxf4 32. gxf4 Kh5 33. Kf2 Kg4 34. e5 Kf5 35. h4 c4 36. Ke3 b5 37. Kd4 a5 38. Kc5 a4 39. Kb4 Ke6 40. a3 g6 41. Kxb5 1-0


[Site "https://www.chess.com"]

[Event "Titled Tuesday Blitz November 29 Early 2022"]
[White "Ljukin, Sergei"]
[Black "Pinheiro, Iung Alicio de O."]
[WhiteFideId "14102200"]
[BlackFideId "2104350"]
[WhiteElo "2312"]
[BlackElo "2283"]
[Result "0-1"]
[Round "07"]
[TimeControl "180+1"]
[Date "2022.11.30"]
[WhiteClock "0:00:04"]
[BlackClock "0:00:27"]

1. e4 c5 2. Nf3 Nc6 3. d4 cxd4 4. Nxd4 e5 5. Nb5 d6 6. N1c3 a6 7. Na3 b5 8. Nd5 Nge7 9. c4 Nxd5 10. cxd5 Nd4 11. Bd3 g6 12. O-O Bg7 13. Be3 O-O 14. Nc2 Kh8 15. Rc1 f5 16. exf5 gxf5 17. Nxd4 exd4 18. Bf4 Be5 19. Qf3 Qh4 20. g3 Qf6 21. Rc7 Rf7 22. Rfc1 Bd7 23. Rb7 Raf8 24. Rcc7 Be8 25. a4 Rxc7 26. Rxc7 bxa4 27. Bxa6 d3 28. Bxd3 Bxb2 29. Ra7 a3 30. h4 Bf7 31. Bg5 Qe5 32. Bxf5 Bxd5 33. Qh5 Qe1+ 34. Kh2 Qh1# 0-1


[Site "https://www.chess.com"]

[Event "Titled Tuesday Blitz November 29 Early 2022"]
[White "Malek, Jan"]
[Black "Zhigalko, Sergei"]
[WhiteFideId "21864080"]
[BlackFideId "13502956"]
[WhiteElo "2255"]
[BlackElo "2662"]
[Result "1-0"]
[Round "07"]
[TimeControl "180+1"]
[Date "2022.11.30"]
[WhiteClock "0:00:02"]
[BlackClock "0:00:02"]

1. c4 e5 2. g3 Nf6 3. Bg2 c6 4. Nf3 d6 5. O-O Be7 6. d4 e4 7. Ne1 O-O 8. Nc3 d5 9. f3 exf3 10. Nxf3 dxc4 11. Ne5 Be6 12. e4 Nbd7 13. Nf3 Qb6 14. Qe2 Ne5 15. Be3 Neg4 16. Bf4 Nh5 17. Kh1 Rad8 18. Rad1 Rfe8 19. Bc1 Qc7 20. Qe1 f5 21. d5 cxd5 22. Nd4 Bf7 23. Nxf5 Bf6 24. Qe2 Ne5 25. g4 d4 26. Nb5 d3 27. Qe3 Qa5 28. gxh5 Qxb5 29. Nh6+ Kf8 30. Nxf7 Nxf7 31. h6 Qh5 32. Rd2 Be5 33. Bh3 gxh6 34. Rdf2 Re7 35. Qxh6+ Qxh6 36. Bxh6+ Ke8 37. Be3 b6 38. Bg5 Nxg5 39. Rf8# 1-0


[Site "https://www.chess.com"]

[Event "Titled Tuesday Blitz November 29 Early 2022"]
[White "Manelyuk, Daniil"]
[Black "Jaskolka, Tomasz"]
[WhiteFideId "44173920"]
[BlackFideId "1170791"]
[WhiteElo "2209"]
[BlackElo "2126"]
[Result "0-1"]
[Round "07"]
[TimeControl "180+1"]
[Date "2022.11.30"]
[WhiteClock "0:00:01"]
[BlackClock "0:00:02"]

1. e4 c5 2. Nf3 e6 3. c4 Nc6 4. Nc3 g5 5. h3 Bg7 6. d3 h6 7. Be2 Nge7 8. Be3 b6 9. d4 cxd4 10. Nxd4 O-O 11. h4 f6 12. Nxc6 Nxc6 13. Qd2 Bb7 14. O-O-O Rc8 15. Kb1 Ne5 16. f4 Nxc4 17. Bxc4 Rxc4 18. hxg5 fxg5 19. fxg5 Rxc3 20. bxc3 Bxe4+ 21. Kb2 Qe7 22. a3 Rf5 23. Qxd7 Bxc3+ 24. Kxc3 Qxa3+ 25. Kd2 Rd5+ 26. Qxd5 Bxd5 27. gxh6 Qb2+ 28. Ke1 Qc3+ 29. Kf2 Qc2+ 30. Rd2 Qf5+ 31. Ke1 Kh7 32. Rf1 Qe4 33. Rf7+ Kg6 34. Rf3 Qb1+ 35. Rd1 Qb4+ 36. Bd2 Qh4+ 37. g3 Qh1+ 38. Rf1 Qe4+ 39. Kf2 Qf3+ 40. Ke1 Qxg3+ 41. Rf2 Qe5+ 42. Kf1 Bc4+ 43. Kg1 Qc5 44. Re1 Bd5 45. Be3 Qc3 46. Kh2 Kh7 47. Rf4 Qxe1 0-1


[Site "https://www.chess.com"]

[Event "Titled Tuesday Blitz November 29 Early 2022"]
[White "Manon-og, Ramon Jr."]
[Black "Sadovsky, Artem"]
[WhiteFideId "5200776"]
[BlackFideId "4155840"]
[WhiteElo "2327"]
[BlackElo "2312"]
[Result "1-0"]
[Round "07"]
[TimeControl "180+1"]
[Date "2022.11.30"]
[WhiteClock "0:01:27"]
[BlackClock "0:01:32"]

1. e4 g6 2. d4 Bg7 3. Nc3 c6 4. Bc4 d5 5. exd5 b5 6. Bb3 b4 7. Ne4 cxd5 8. Nc5 a5 9. Qf3 Nf6 10. Bg5 e6 11. Ba4+ Nbd7 12. Nxd7 Bxd7 13. Bxd7+ Qxd7 14. Bxf6 Bxf6 15. Qxf6 O-O 16. h4 h5 17. Nf3 Rac8 18. Rc1 a4 19. O-O Qd8 20. Qxd8 Rfxd8 21. Ne5 Rc7 22. c3 Rdc8 23. Nd3 bxc3 24. bxc3 Rxc3 25. Rxc3 Rxc3 26. Nc5 a3 27. f4 Rc4 28. Nb3 Rc2 29. Rf2 Rc3 30. Kh2 Kg7 31. Nc5 Kf6 32. Rf3 Rxf3 33. gxf3 Kf5 34. Kg3 f6 35. Nb3 g5 36. fxg5 fxg5 37. Na1 gxh4+ 38. Kxh4 Kf4 39. Nc2 Kxf3 40. Nxa3 Ke4 41. Nb5 e5 42. a4 exd4 43. a5 d3 44. a6 d2 45. Nc3+ Kd3 46. Nd1 Kc2 47. Nf2 d1=Q 48. Nxd1 Kxd1 49. a7 d4 50. a8=Q d3 51. Kxh5 d2 52. Qd5 Kc1 53. Qc4+ Kb2 54. Qd3 Kc1 55. Qc3+ Kb1 56. Qxd2 Ka1 57. Kg4 Kb1 58. Kf4 Ka1 59. Ke3 Kb1 60. Kd3 Ka1 61. Kc3 Kb1 62. Qb2# 1-0


[Site "https://www.chess.com"]

[Event "Titled Tuesday Blitz November 29 Early 2022"]
[White "Manukyan, Sargis A."]
[Black "Riehle, Marco"]
[WhiteFideId "13303970"]
[BlackFideId "12904392"]
[WhiteElo "2187"]
[BlackElo "2462"]
[Result "0-1"]
[Round "07"]
[TimeControl "180+1"]
[Date "2022.11.30"]
[WhiteClock "0:00:09"]
[BlackClock "0:00:49"]

1. Nf3 d5 2. c4 e6 3. d4 Nf6 4. g3 dxc4 5. Bg2 c5 6. O-O Nc6 7. dxc5 Qxd1 8. Rxd1 Bxc5 9. Nbd2 c3 10. bxc3 Bd7 11. Nb3 Be7 12. c4 O-O 13. Bf4 Rac8 14. c5 Nd5 15. Bd6 Rfd8 16. Rd2 Bf6 17. Rc1 Nc3 18. Ne1 Nb5 19. e4 Nxd6 20. cxd6 Nb4 21. Rc7 Bc6 22. f4 Bc3 23. Rd1 Na6 24. Rxc8 Rxc8 25. e5 f6 26. Bxc6 bxc6 27. Nd3 fxe5 28. Nxe5 Nb4 29. d7 Rd8 30. Nc5 Bxe5 31. fxe5 Nd5 32. Rb1 Nb6 33. Rf1 h6 34. Nxe6 Rxd7 35. Rf8+ Kh7 36. Nf4 Re7 37. e6 Nd5 38. h4 Nxf4 39. Rxf4 Rxe6 40. Rc4 Re2 41. Ra4 Re7 42. Kf2 Kg6 43. Kf3 Kf5 44. Ra6 Rc7 45. g4+ Ke5 46. Ke3 g5 47. hxg5 hxg5 48. Ra5+ c5 49. Ra6 Rh7 50. Rg6 Rh3+ 51. Kd2 Kf4 52. Rg7 Ra3 53. Kc2 Rxa2+ 54. Kb3 Ra5 55. Kc4 Kxg4 56. Rf7 Kg3 57. Rf1 g4 58. Rg1+ Kf3 59. Rb1 g3 60. Rb3+ Kg4 61. Rb2 Kh3 62. Kd5 g2 63. Rb1 Kh2 64. Rg1 Kxg1 65. Kc4 Kf2 0-1


[Site "https://www.chess.com"]

[Event "Titled Tuesday Blitz November 29 Early 2022"]
[White "Matinian, Nikita"]
[Black "Danielyan, Vahe"]
[WhiteFideId "24129100"]
[BlackFideId "13304828"]
[WhiteElo "2422"]
[BlackElo "2423"]
[Result "1-0"]
[Round "07"]
[TimeControl "180+1"]
[Date "2022.11.30"]
[WhiteClock "0:00:54"]
[BlackClock "0:01:25"]

1. e4 d6 2. d4 Nf6 3. Nc3 e5 4. Nf3 Nbd7 5. Bc4 Be7 6. O-O c6 7. Re1 Qc7 8. a4 h6 9. h3 g5 10. dxe5 dxe5 11. Nh2 Nc5 12. Nf1 g4 13. h4 Be6 14. Qe2 O-O-O 15. Ng3 Rhg8 16. Be3 Bxc4 17. Qxc4 Ne6 18. Bxa7 Nh5 19. Nxh5 Bxh4 20. a5 g3 21. fxg3 Bxg3 22. Bb6 Rd2 23. Bxc7 Bxe1 24. Qf1 Bh4 25. Bxe5 1-0


[Site "https://www.chess.com"]

[Event "Titled Tuesday Blitz November 29 Early 2022"]
[White "Mgeladze, Tamaz"]
[Black "Odegov, Artem"]
[WhiteFideId "13601202"]
[BlackFideId "34183644"]
[WhiteElo "2288"]
[BlackElo "2298"]
[Result "1-0"]
[Round "07"]
[TimeControl "180+1"]
[Date "2022.11.30"]
[WhiteClock "0:01:40"]
[BlackClock "0:00:30"]

1. c4 Nf6 2. Nc3 e6 3. e4 d5 4. e5 Nfd7 5. d4 c5 6. cxd5 exd5 7. Nf3 Nc6 8. Bb5 cxd4 9. Nxd4 Ndxe5 10. O-O Bc5 11. Re1 O-O 12. Nxc6 Nxc6 13. Qxd5 Qxd5 14. Nxd5 Bf5 15. Be3 Bxe3 16. Rxe3 Rfe8 17. Rae1 Rxe3 18. Rxe3 Kf8 19. Bxc6 bxc6 20. Nc3 Rd8 21. f3 Be6 22. Kf2 c5 23. Ke1 Rb8 24. Re2 h5 25. Kd1 h4 26. Kc1 h3 27. gxh3 Bxh3 28. Re5 c4 29. Rh5 1-0


[Site "https://www.chess.com"]

[Event "Titled Tuesday Blitz November 29 Early 2022"]
[White "Migot, Tangi"]
[Black "Aloma Vidal, Robert"]
[WhiteFideId "662445"]
[BlackFideId "2260409"]
[WhiteElo "2591"]
[BlackElo "2435"]
[Result "0-1"]
[Round "07"]
[TimeControl "180+1"]
[Date "2022.11.30"]
[WhiteClock "0:00:11"]
[BlackClock "0:00:34"]

1. e4 e5 2. Nf3 Nf6 3. Nxe5 d6 4. Nf3 Nxe4 5. Qe2 Qe7 6. d3 Nf6 7. c4 Nc6 8. h3 Nb4 9. Qxe7+ Bxe7 10. Kd1 Bf5 11. Ne1 d5 12. a3 Nc6 13. g4 Be6 14. g5 Nd7 15. cxd5 Bxd5 16. Rg1 O-O-O 17. Be3 Nc5 18. Nc3 Bb3+ 19. Ke2 Nd4+ 20. Bxd4 Rxd4 21. Nb5 Rd5 22. f4 Re8 23. Nc3 Bd6+ 24. Kf3 Rf5 25. Rg4 Ne6 26. Ne2 Bd5+ 27. Kg3 h5 28. gxh6 gxh6 29. Nf3 h5 30. Rh4 Rg8+ 31. Kf2 Nxf4 32. Nxf4 Bxf4 33. Ke2 Re8+ 34. Kf2 Be3+ 0-1


[Site "https://www.chess.com"]

[Event "Titled Tuesday Blitz November 29 Early 2022"]
[White "Mikhalsky, Vladimir"]
[Black "Tasev, Dejan"]
[WhiteFideId "14144352"]
[BlackFideId "936618"]
[WhiteElo "2271"]
[BlackElo "2256"]
[Result "1-0"]
[Round "07"]
[TimeControl "180+1"]
[Date "2022.11.30"]
[WhiteClock "0:00:12"]
[BlackClock "0:00:12"]

1. d4 Nf6 2. c4 g6 3. f3 Bg7 4. e4 d6 5. Nc3 O-O 6. Be3 c5 7. Nge2 cxd4 8. Nxd4 a6 9. Qd2 Nc6 10. b3 Bd7 11. Be2 Nxd4 12. Bxd4 Bc6 13. Nd5 Bxd5 14. exd5 Nd7 15. Bxg7 Kxg7 16. Qd4+ f6 17. f4 Qb6 18. Qxb6 Nxb6 19. Bg4 f5 20. Bf3 a5 21. Kd2 Nd7 22. Rhe1 Kf7 23. Re3 Nc5 24. Rae1 Rfe8 25. Kc3 b6 26. Bd1 Ne4+ 27. Kd4 Nc5 28. a3 Nd7 29. h3 Nf6 30. g4 fxg4 31. hxg4 Nd7 32. b4 axb4 33. axb4 Ra2 34. g5 Rf2 35. Rf3 Rxf3 36. Bxf3 Ra8 37. Bg4 Nf8 38. Rh1 Ra4 39. Kc3 Ra3+ 40. Kb2 Rg3 41. Bc8 Rf3 42. Rh4 Kg7 43. Kc2 Re3 44. Kb2 Rf3 45. Kc2 Re3 46. Kb2 e6 47. dxe6 Nxe6 48. Bxe6 Rxe6 49. Kc3 Re4 50. Kd3 Re1 51. Kd4 Rd1+ 52. Ke4 Rd2 53. b5 Kg8 54. Rh1 Kf7 55. Ra1 Ke6 56. Ra7 d5+ 57. cxd5+ Rxd5 58. Rxh7 Rxb5 59. Rg7 Rb4+ 60. Kf3 Rb3+ 61. Kg4 Rb1 62. Rxg6+ Kf7 63. Rf6+ Kg7 64. Rc6 b5 65. f5 Rg1+ 66. Kf4 Rf1+ 67. Ke5 Re1+ 68. Kd4 b4 69. Rc7+ Kf8 70. f6 b3 71. g6 b2 72. Rc8+ Re8 73. g7+ Kf7 74. Rxe8 1-0


[Site "https://www.chess.com"]

[Event "Titled Tuesday Blitz November 29 Early 2022"]
[White "Mogranzini, Roberto"]
[Black "Leve, Nitai"]
[WhiteFideId "810894"]
[BlackFideId "2006898"]
[WhiteElo "2469"]
[BlackElo "2144"]
[Result "1-0"]
[Round "07"]
[TimeControl "180+1"]
[Date "2022.11.30"]
[WhiteClock "0:00:09"]
[BlackClock "0:00:01"]

1. e4 e6 2. d4 d5 3. Bd3 dxe4 4. Bxe4 Nf6 5. Bf3 c5 6. Ne2 cxd4 7. Qxd4 Nbd7 8. Nbc3 Bc5 9. Qf4 O-O 10. O-O Qe7 11. Be3 Bd6 12. Qh4 Ne5 13. Be4 Nxe4 14. Qxe4 Bd7 15. Nd4 f5 16. Qxb7 Rab8 17. Qxa7 Rxb2 18. Rad1 Bb8 19. Qa5 Qh4 20. h3 f4 21. Bc1 f3 22. Rfe1 fxg2 23. f4 Qxh3 24. Rxe5 Qh1+ 25. Kf2 Qh2 26. Rg1 Rxf4+ 27. Bxf4 Qxf4+ 28. Nf3 Rxc2+ 29. Ne2 Bxe5 30. Qxe5 1-0


[Site "https://www.chess.com"]

[Event "Titled Tuesday Blitz November 29 Early 2022"]
[White "Mohamed Anees M"]
[Black "Megalios, Konstantinos"]
[WhiteFideId "35065815"]
[BlackFideId "4238044"]
[WhiteElo "2135"]
[BlackElo "2277"]
[Result "1-0"]
[Round "07"]
[TimeControl "180+1"]
[Date "2022.11.30"]
[WhiteClock "0:00:27"]
[BlackClock "0:00:16"]

1. e4 c5 2. Nf3 d6 3. d4 cxd4 4. Nxd4 Nf6 5. Nc3 Nc6 6. Bg5 e6 7. Qd3 a6 8. O-O-O Bd7 9. f4 Be7 10. Be2 Rc8 11. Qg3 Qa5 12. Nb3 Qc7 13. Rhe1 Nb4 14. Bd3 b5 15. a3 Nxd3+ 16. Qxd3 Qc4 17. Na5 Qxd3 18. Rxd3 Rc7 19. e5 dxe5 20. fxe5 Ng4 21. Bxe7 Kxe7 22. h3 Nh6 23. g4 Rhc8 24. Re2 Be8 25. Nb3 Rb8 26. Rd4 Bc6 27. Nc5 Rb6 28. b4 Be8 29. Kb2 Ng8 30. N3e4 f6 31. exf6+ gxf6 32. g5 Bf7 33. gxf6+ Nxf6 34. Nxf6 Kxf6 35. Nd7+ Kg6 36. Nxb6 1-0


[Site "https://www.chess.com"]

[Event "Titled Tuesday Blitz November 29 Early 2022"]
[White "Mohammed, Dilshad"]
[Black "Amin-Erdene, Bayanmunkh"]
[WhiteFideId "5050421"]
[BlackFideId "4903161"]
[WhiteElo "2102"]
[BlackElo "1447"]
[Result "1/2-1/2"]
[Round "07"]
[TimeControl "180+1"]
[Date "2022.11.30"]
[WhiteClock "0:00:03"]
[BlackClock "0:00:01"]

1. Nf3 Nf6 2. c4 g6 3. Nc3 Bg7 4. e4 d6 5. d4 O-O 6. Be2 e5 7. O-O exd4 8. Nxd4 Re8 9. f3 c6 10. Nc2 Na6 11. Kh1 Nc7 12. Bf4 d5 13. Bxc7 Qxc7 14. cxd5 cxd5 15. exd5 a6 16. a4 Bd7 17. d6 Qb6 18. b4 Rad8 19. a5 Qa7 20. Ra3 Bc6 21. Nd4 Rxd6 22. Nxc6 Rxc6 23. b5 Rcc8 24. b6 Qb8 25. Bd3 Qd6 26. Rb3 Red8 27. Ne4 Nxe4 28. fxe4 Qe5 29. Qf3 Rd7 30. Rbb1 Qxa5 31. Qg4 Rcd8 32. Bc4 Qc3 33. Bd5 Qe5 34. Rbc1 h5 35. Qh4 Bh6 36. Rc7 Bg5 37. Qg3 Qxg3 38. hxg3 Kg7 39. Rxf7+ Rxf7 40. Rxf7+ Kh6 41. Rxb7 Rd6 42. Bg8 Be3 43. Kh2 Kg5 44. e5 Rxb6 45. Rd7 Rb5 46. e6 Re5 47. e7 Bc5 48. e8=Q Rxe8 49. Rd5+ Kh6 50. Bf7 Re7 51. Bxg6 Kxg6 52. Rxc5 Re6 53. Ra5 Rb6 54. Kh3 Kf6 55. Rxh5 Re6 56. Ra5 Ke7 57. g4 Kd7 58. Kh4 Kc7 59. g5 Kb6 60. Rf5 Re2 61. g3 a5 62. g6 Re8 63. g7 Rg8 64. Rf7 a4 65. Kg5 a3 66. Kg6 a2 67. Rf1 Kb5 68. Ra1 Ra8 69. Rxa2 Rxa2 70. g8=Q Ra3 71. Qb8+ Kc4 72. Qc7+ Kb3 73. Qf4 Kc2 74. Qf2+ Kb1 75. Qe1+ Kc2 76. Qe2+ Kb1 77. g4 Ra5 78. g5 Rc5 79. Kh5 Ka1 80. Qe3 Rc2 81. Qa3+ Kb1 82. Qb3+ Ka1 83. Qxc2 1/2-1/2


[Site "https://www.chess.com"]

[Event "Titled Tuesday Blitz November 29 Early 2022"]
[White "Moskvin, Anatoly"]
[Black "Quinones Garcia, Santiago"]
[WhiteFideId "24199990"]
[BlackFideId "4408497"]
[WhiteElo "2079"]
[BlackElo "2249"]
[Result "0-1"]
[Round "07"]
[TimeControl "180+1"]
[Date "2022.11.30"]
[WhiteClock "0:00:25"]
[BlackClock "0:01:19"]

1. b3 d5 2. Bb2 c6 3. g3 Nf6 4. Bg2 Bf5 5. d3 Nbd7 6. Nd2 e5 7. e4 Be6 8. Qe2 Bd6 9. Ngf3 Qc7 10. h3 O-O 11. O-O Rfe8 12. Rfe1 d4 13. Nh4 g6 14. c4 dxc3 15. Bxc3 Bc5 16. Nhf3 a5 17. d4 exd4 18. Nxd4 Bf8 19. Rac1 Bg7 20. Ba1 a4 21. e5 Nd5 22. Nb5 Qb6 23. Nd6 Rf8 24. N2c4 Qa6 25. f4 axb3 26. axb3 Qa2 27. Qf3 Nc5 28. Rb1 Nb4 29. Bc3 Bd5 30. Qd1 Qxg2# 0-1


[Site "https://www.chess.com"]

[Event "Titled Tuesday Blitz November 29 Early 2022"]
[White "Mrudul Dehankar"]
[Black "Clawitter, Craig"]
[WhiteFideId "25096990"]
[BlackFideId "2023105"]
[WhiteElo "2068"]
[BlackElo "2259"]
[Result "0-1"]
[Round "07"]
[TimeControl "180+1"]
[Date "2022.11.30"]
[WhiteClock "0:00:40"]
[BlackClock "0:00:18"]

1. e4 e6 2. Nf3 d5 3. Nc3 Nf6 4. e5 Nfd7 5. d4 c5 6. dxc5 Nc6 7. Bf4 Bxc5 8. Bd3 f6 9. exf6 Nxf6 10. Qd2 O-O 11. O-O a6 12. a4 Bd7 13. Rad1 Rc8 14. Ne5 Be8 15. Rde1 Nb4 16. Bg5 Nxd3 17. Qxd3 Qb6 18. Bxf6 Rxf6 19. Ng4 Rf8 20. a5 Qxb2 21. Rxe6 Qxc3 22. Qxc3 Bxf2+ 23. Rxf2 Rxc3 24. Rd2 Bb5 25. Ne3 Rxe3 0-1


[Site "https://www.chess.com"]